 Dungeon Crawl Stone Soup version 0.21-a0-163-g3aa3f5d (webtiles) character file.

1250 TabTabO the Cudgeler (level 8, -4/60 HPs)
             Began as a Demonspawn Gladiator on Aug 5, 2017.
             Was a Believer of Okawaru.
             Splashed by a jelly's acid (9 damage)
             ... on level 6 of the Dungeon.
             The game lasted 00:10:54 (5281 turns).

TabTabO the Cudgeler (Demonspawn Gladiator)         Turns: 5281, Time: 00:10:55

Health: -4/60      AC: -1    Str: 16    XL:     8   Next: 26%
Magic:  8/8        EV: 16    Int: 11    God:    Okawaru [**....]
Gold:   193        SH:  0    Dex: 23    Spells: 7/7 levels left

rFire    + + +     SeeInvis +   u - +3 whip (venom)
rCold    . . .     Gourm    .   (no shield)
rNeg     . . .     Faith    .   B - +0 leather armour of Qazlal's Benevolence {rF+ Dex+9}
rPois    +         Spirit   .   c - +1 helmet
rElec    .         Reflect  .   (no cloak)
rCorr    .         Harm     .   o - +0 pair of gloves
MR       +....                  (no boots)
Stlth    ++........             (no amulet)
HPRegen  0.20/turn              y - ring of protection from fire
MPRegen  0.11/turn              w - ring of see invisible

@: about to teleport, corroded
A: claws 1, repulsion field 1, fire resistance 1, magic resistance 1, poison
resistance, powered by death 1, screaming 1, subdued magic 1
a: Heroism, Renounce Religion


You were on level 6 of the Dungeon.
You worshipped Okawaru.
Okawaru was pleased with you.
You were not hungry.

You visited 2 branches of the dungeon, and saw 7 of its levels.

You collected 193 gold pieces.

Inventory:

Hand Weapons
 u - a +3 whip of venom (weapon)
Missiles
 d - 3 throwing nets (quivered)
 l - 56 bolts
Armour
 b - a +0 leather armour
 c - a +1 helmet (worn)
 o - a +0 pair of gloves (worn)
 p - a cursed +0 plate armour
 q - a +0 leather armour of magic resistance
 B - the +0 leather armour of Qazlal's Benevolence (worn) {rF+ Dex+9}
   (You found it on level 4 of the Dungeon)

   It affects your dexterity (+9).
   It protects you from fire.
Jewellery
 e - an uncursed ring of poison resistance
 w - a ring of see invisible (right hand)
 y - a ring of protection from fire (left hand)
 z - a cursed amulet of inaccuracy
Wands
 j - a wand of flame (0/48)
Scrolls
 i - 3 scrolls of remove curse
 k - a scroll of teleportation
 r - 2 scrolls of enchant armour
 v - a scroll of magic mapping
Potions
 a - a potion of curing
 h - a potion of brilliance
 n - a potion of cancellation
 t - 2 potions of flight
 x - a potion of heal wounds
 A - a potion of agility {unknown}
 D - 2 potions of degeneration {unknown}
Comestibles
 f - 4 bread rations
 g - 7 meat rations
 m - 4 royal jellies


   Skills:
 + Level 3.9 Fighting
   Level 3.5 Long Blades
 * Level 6.5 Maces & Flails
 - Level 1.8 Throwing
 + Level 3.5 Armour
 + Level 3.8 Dodging
 + Level 0.4 Evocations


You had 7 spell levels left.
You didn't know any spells.

Dungeon Overview and Level Annotations

Branches:
Dungeon (6/15)             Temple (1/1) D:4

Altars:
Dithmenos
Elyvilon
Hepliaklqana
Makhleb
Nemelex Xobeh
Okawaru
Qazlal
Ru
Vehumet
Wu Jian
Xom
The Shining One


Innate Abilities, Weirdness & Mutations

You have sharp fingernails.
You are surrounded by a mild repulsion field. (EV +2)
Your flesh is heat resistant. (rF+)
You regenerate a little health from kills.
You are resistant to hostile enchantments. (MR+)
Your system is resistant to poisons. (rPois)
You occasionally shout uncontrollably at your foes.
Your spells are a little easier to cast, but a little less powerful.


Message History

The acid burns!
As you read the scroll of teleportation, it crumbles to dust.
You feel strangely unstable. The hound zombie barely misses you.
The hound zombie bites you. The jelly hits you. The acid corrodes you!
You are splashed with acid!
The acid burns!
* * * LOW HITPOINT WARNING * * *
You feel better. The hound zombie bites you.
* * * LOW HITPOINT WARNING * * *
The jelly barely misses you.
You whack the jelly!
Your hands burn!
* * * LOW HITPOINT WARNING * * *
The jelly is almost dead.
The hound zombie misses you.
You hit the jelly.
Your hands burn!
* * * LOW HITPOINT WARNING * * *
The jelly is almost dead.
The jelly hits you.
* * * LOW HITPOINT WARNING * * *
The acid corrodes you!
You are splashed with acid!
The acid burns!
You die...

#.....###..........##.........
#.##.## ####......#########.##
#.##.# ##.##.## #.# #.##)#
#.##.# #.# #.##.# #.)..# #.#
###.##.# #.# ## #.# #......#
#.# ######.# #.#.#### #Z#
#....>.# #.#.## #@#
####.#.###..
#....##########J#####...###..
# #.....##.<.....W..J..W.##
#.# #.....##.######.......#.#
... #.##...#.# ###)##..##.#
### #.#.....># ########..# ..#
#........# #...P###..# ##
###.....#####..P.P.#..#
##.......#P..P..##..#


You could see a phantom, a jelly and a hound zombie.

Vanquished Creatures
  Edmund (D:6)
  An orc warrior (D:6)
  A sky beast (D:6)
  An ogre (D:6)
  3 bullfrogs (D:6)
  A scorpion (D:5)
  A water moccasin skeleton (D:6)
  A howler monkey (D:4)
  A bullfrog zombie (D:6)
  A quasit (D:6)
  A hound (D:4)
  2 orc wizards (D:4)
  Ijyb (D:4)
  3 iguanas
  4 worker ants
  3 gnolls (D:6)
  6 adders
  An ooze (D:4)
  3 worms
  A dart slug (D:1)
  7 leopard geckos
  7 orcs
  9 bats
  7 giant cockroaches
  2 goblins (D:1)
  5 hobgoblins
  8 jackals
  A quokka (D:2)
  A ball python (D:6)
  10 frilled lizards
  7 kobolds
  A quokka skeleton (D:4)
  11 rats
113 creatures vanquished.

Notes
Turn   | Place    | Note
-------+----------+-------------------------------------------
     0 | D:1      | TabTabO the Demonspawn Gladiator began the quest for the Orb.
     0 | D:1      | Reached XP level 1. HP: 16/16 MP: 1/1
   159 | D:1      | Gained mutation: Your flesh is heat resistant. (rF+) [demonic ancestry]
   159 | D:1      | Reached XP level 2. HP: 19/22 MP: 2/2
   866 | D:1      | Reached XP level 3. HP: 26/28 MP: 3/3
  1283 | D:2      | Found a sparkling altar of Nemelex Xobeh.
  1463 | D:2      | Found a radiant altar of Vehumet.
  1857 | D:2      | Found a faded altar of an unknown god.
  2419 | D:3      | Reached skill level 1 in Armour
  2616 | D:3      | Found a white marble altar of Elyvilon.
  2628 | D:3      | Reached XP level 4. HP: 34/34 MP: 4/4
  2691 | D:4      | Gained mutation: Your spells are a little easier to cast, but a little less powerful. [potion of mutation]
  2691 | D:4      | Gained mutation: You occasionally shout uncontrollably at your foes. [potion of mutation]
  2691 | D:4      | Gained mutation: Your system is resistant to poisons. (rPois) [potion of mutation]
  2748 | D:4      | Reached skill level 1 in Maces & Flails
  2926 | D:4      | Found a staircase to the Ecumenical Temple.
  2947 | D:4      | Gained mutation: You have sharp fingernails. [demonic ancestry]
  2947 | D:4      | Reached XP level 5. HP: 40/40 MP: 5/5
  2969 | Temple   | Entered the Ecumenical Temple
  3013 | Temple   | Became a worshipper of Warmaster Okawaru
  3154 | D:4      | Reached skill level 2 in Maces & Flails
  3294 | D:4      | Noticed Ijyb
  3301 | D:4      | Killed Ijyb
  3305 | D:4      | Gained mutation: You regenerate a little health from kills. [demonic ancestry]
  3305 | D:4      | Reached XP level 6. HP: 41/47 MP: 6/6
  3466 | D:4      | Got a slimy leather armour
  3478 | D:4      | Identified the +0 leather armour of Qazlal's Benevolence {rF+ Dex+9} (You found it on level 4 of the Dungeon)
  3735 | D:4      | Reached skill level 3 in Maces & Flails
  3792 | D:5      | Entered Level 5 of the Dungeon
  3827 | D:5      | Noticed an ice beast
  3981 | D:5      | Found a burning altar of Makhleb.
  4001 | D:5      | Reached * piety under Okawaru
  4347 | D:6      | Reached skill level 4 in Maces & Flails
  4347 | D:6      | Reached XP level 7. HP: 32/52 MP: 7/7
  4499 | D:6      | Found a shadowy altar of Dithmenos.
  4529 | D:6      | Reached ** piety under Okawaru
  4529 | D:6      | Reached skill level 5 in Maces & Flails
  4858 | D:6      | Gained mutation: You are resistant to hostile enchantments. (MR+) [mutagenic meat]
  4969 | D:6      | Noticed Edmund
  4994 | D:6      | Killed Edmund
  4994 | D:6      | Reached skill level 6 in Maces & Flails
  4994 | D:6      | Gained mutation: You are surrounded by a mild repulsion field. (EV +2) [demonic ancestry]
  4994 | D:6      | Reached XP level 8. HP: 29/59 MP: 8/8
  5281 | D:6      | Splashed by a jelly's acid

Vault maps used:
D:1:      evilmike_arrival_plus
D:2:      nemelex_xobeh_ov_fountains_minmay, fiery_altar_vehumet,
          chequers_ecumenical_altar_twisty, first_bread
D:3:      lemuel_crystal_altar
D:4:      temple_pool_b, uniq_ijyb
D:5:      lemuel_crystal_altar, bloody_makhleb, nicolae_elemental_shop
D:6:      lemuel_doored_altar, minmay_lizard_king, uniq_edmund
Temple:   nicolae_temple_god_jail

Skill      XL: |  1  2  3  4  5  6  7 |
---------------+----------------------+-----
Long Blades    | 3 |  3.5
Dodging        | 3 |  3.8
Armour         | 1 2 3 |  3.5
Maces & Flails | 1 2 4 6 |  6.5
Fighting       | 3 |  3.9
Throwing       | |  1.8
Evocations     | |  0.4

Action                   |  1- 3 |  4- 6 |  7- 9 || total
-------------------------+-------+-------+-------++-------
Melee: Long sword        |   125 |       |       ||   125
       Whip              |    17 |   132 |   131 ||   280
Evoke: Wand              |       |       |     6 ||     6
  Use: Scroll            |     3 |    12 |     3 ||    18
       Potion            |       |     1 |     2 ||     3
 Stab: Sleeping          |       |       |     2 ||     2
  Eat: Chunk             |     5 |     5 |     1 ||    11
       Bread ration      |       |     1 |       ||     1
Armor: Leather armour    |    60 |    24 |    30 ||   114
Dodge: Dodged            |   136 |    76 |    85 ||   297
       Rpst.: Long sword |    36 |       |       ||    36
